 Dungeon Crawl Stone Soup version 0.29-a0-1065-g47a6bb87d6 (webtiles) character file.

Game seed: 1454689107668779200

32 Zeldest the Ducker (level 3, 0/19 (22) HPs)
             Began as a Tengu Gladiator on Aug 18, 2022.
             Slain by a kobold
             ... wielding a +0 short sword
              (2 damage)
             ... on level 1 of the Dungeon.
             The game lasted 00:00:24 (447 turns).

Zeldest the Ducker (Tengu Gladiator)                 Turns: 447, Time: 00:00:24

HP:   0/19 (22)     AC:  3    Str: 14    XL:     3   Next: 25%
MP:   4/4           EV: 13    Int:  8    God:
Gold: 11            SH:  0    Dex: 17    Spells: 2/2 levels left

rFire   . . .      SeeInvis .   a - +0 long sword
rCold   . . .      Faith    .   (no shield)
rNeg    . . .      Spirit   .   b - +0 leather armour
rPois   .          Reflect  .   c - +0 hat
rElec   .          Harm     .   (no cloak)
rCorr   .          Rampage  .   (no gloves)
Will    .....                   (boots unavailable)
Stlth   +.........              (no amulet)
HPRegen 0.06/turn               (no ring)
MPRegen 0.09/turn               (no ring)

@: heavily drained
A: beak, talons 3
a: no special abilities


You were on level 1 of the Dungeon.
You visited 1 branch of the dungeon, and saw 1 of its levels.

You collected 11 gold pieces.

Inventory:

Hand Weapons
 a - a +0 long sword (weapon)
Missiles
 d - 3 throwing nets (quivered)
 e - a javelin
Armour
 b - a +0 leather armour (worn)
 c - a +0 hat (worn)
Scrolls
 f - a scroll of teleportation {unknown}
Potions
 g - a potion of heal wounds {unknown}
 h - a potion of attraction {unknown}
 i - a potion of mutation {unknown}


   Skills:
 + Level 2.6 Fighting
 + Level 3.8 Long Blades
 - Level 2.0 Throwing
 + Level 3.8 Dodging


You had 2 spell levels left.
You didn't know any spells.
Your spell library was empty.

Dungeon Overview and Level Annotations

Branches:
Dungeon (1/15)

Altars:


Innate Abilities, Weirdness & Mutations

You have a beak for a mouth.
You have claws for feet.


Message History

The quokka closely misses you. The kobold misses you. The quokka bites you.
There are monsters nearby!
You are too injured to fight recklessly!
You are too injured to fight recklessly!
You are too injured to fight recklessly!
You are too injured to fight recklessly!
The quokka attacks as you move away! The quokka barely misses you.
The ball python hisses angrily.
The kobold throws a stone.
The stone hits you.
The kobold throws a stone.
The stone hits you but does no damage. The quokka attacks as you move away!
The quokka barely misses you.
You are too injured to fight recklessly!
You are too injured to fight recklessly!
You miss the quokka.
The quokka is almost dead.
The quokka misses you. x2
You hit the quokka.
You kill the quokka!
You barely miss the ball python. The ball python barely misses you.
The ball python misses you. x2; The ball python grabs you.
The ball python constricts you.
You hit the ball python.
You kill the ball python!
The kobold throws a stone.
The stone barely misses you.
The goblin hits you with a +2 dagger of draining.
You feel drained. The kobold completely misses you.
You see here a ball python corpse.
You miss the kobold. The goblin barely misses you. The kobold misses you.
You hit the kobold but do no damage.
The goblin hits you with a +2 dagger of draining.
You feel drained. The kobold misses you. The goblin barely misses you.
The kobold hits you with a +0 short sword.
* * * LOW HITPOINT WARNING * * *
You closely miss the kobold. You claw the kobold, but do no damage.
The goblin hits you with a +2 dagger of draining.
* * * LOW HITPOINT WARNING * * *
You feel drained.
* * * LOW HITPOINT WARNING * * *
The kobold hits you with a +0 short sword.
You die...

.....#.... #.#..
#####...## #.#.# .#.#
#.#.# #.# #.#.# .. . #.#
##.#.#####.#.. . #.#
#..).[........ # #.#
#..#.#####....
#######.#####..#.#........
#...........#..#@#........
.......†........Kg........
#.#####........#.#........
#.# #.###.#.##..........
#.# #.# #.#.##..........
#.# #.# #.#.##..........
#.# #.. ....##..........
#.# ### #...##..........
... #.............##


You could see a goblin and a kobold.

Vanquished Creatures
  A gnoll (D:1)
  2 dart slugs (D:1)
  4 endoplasms (D:1)
  A giant cockroach (D:1)
  5 hobgoblins (D:1)
  A quokka (D:1)
  A ball python (D:1)
  A bat (D:1)
  2 rats (D:1)
18 creatures vanquished.

Notes
Turn   | Place    | Note
-------+----------+-------------------------------------------
     0 | D:1      | Zeldest the Tengu Gladiator began the quest for the Orb.
     0 | D:1      | Reached XP level 1. HP: 12/12 MP: 2/2
   158 | D:1      | Reached XP level 2. HP: 13/17 MP: 3/3
   427 | D:1      | Reached XP level 3. HP: 17/22 MP: 4/4
   447 | D:1      | Slain by a kobold

Illustrated notes

Levels and vault maps discovered:
D:1:      scummos_arrival_hexagon, layout_loops_ring, minmay_misc_feat_iff

Action                   || total
-------------------------++-------
Melee: Long sword        ||    36
       Kick              ||    11
       Peck              ||     2
Armor: Leather armour    ||     5
Dodge: Dodged            ||    37

Table legend: (Time is in decaauts)
 A = Elapsed time spent in this place.
 B = Non-inter-level travel time spent in this place.
 C = Inter-level travel time spent in this place.
 D = Time resting spent in this place.
 E = Time spent auto-exploring this place.
 F = Levels seen in this place.
 G = Mean time per level.
                   A        B        C        D        E       F      G
               +--------+--------+--------+--------+--------+-----+--------+
         Total |    455 |    455 |      0 |    218 |    155 |   1 |  455.0 |
       Dungeon |    455 |    455 |      0 |    218 |    155 |   1 |  455.0 |
               +--------+--------+--------+--------+--------+-----+--------+

Top non-repeatable levels by time:
     D:1: 455 daAuts
